 Dungeon Crawl Stone Soup version 0.31-a0-236-g9a0961fb85 (webtiles) character file.

Game seed: 12275712140252881010

63 qw the Shooter (level 3, -1/29 HPs)
             Began as a Minotaur Hexslinger on July 10, 2023.
             Killed from afar by an orc wizard (3 damage)
             ... with a puff of flame
             ... on level 2 of the Dungeon.
             The game lasted 00:00:31 (1421 turns).

qw the Shooter (Minotaur Hexslinger)                Turns: 1421, Time: 00:00:31

Health: -1/29      AC:  5    Str: 12    XL:     3   Next: 89%
Magic:  3/3        EV: 11    Int: 10    God:
Gold:   94         SH:  0    Dex: 14    Spells: 3/4 levels left

rFire   . . .        Y - +2 sling
rCold   . . .        (no shield)
rNeg    . . .        d - +0 ring mail
rPois   +            (helmet restricted)
rElec   .            (no cloak)
rCorr   .            (no gloves)
SInv    .            (no boots)
Will    .....        h - amulet of regeneration
Stlth   +            (no ring)
HPRegen 1.04/turn    (no ring)
MPRegen 0.08/turn

%: no passive effects
@: lethally poisoned (-1 -> -1)
A: horns 2, retaliatory headbutt, poison resistance, subdued magic 1
a: no special abilities


You were on level 2 of the Dungeon.
You visited 1 branch of the dungeon, and saw 3 of its levels.

You collected 94 gold pieces.


Innate Abilities, Weirdness & Mutations

You have a pair of horns on your head.
You reflexively headbutt those who attack you in melee.
Your system is resistant to poisons. (rPois)
Your spells are a little easier to cast, but a little less powerful.


   Skills:
 - Level 2.1 Fighting
 + Level 4.1 Ranged Weapons
 - Level 1.0 Armour
 - Level 2.1 Dodging
 - Level 1.0 Spellcasting
 - Level 2.0 Hexes


You had 3 spell levels left.
You knew the following spells:

 Your Spells              Type           Power      Damage    Failure   Level
a - Slow                  Hex            12%        N/A       30%         1

Your spell library contained the following spells:

 Spells                   Type           Power      Damage    Failure   Level
 Inner Flame              Hex/Fire       1%         N/A       80%         3
 Portal Projectile        Hex/Tloc       2%         N/A       80%         3
 Cause Fear               Hex            1%         N/A       97%         4

Inventory:

Hand Weapons
 Y - a +2 sling (weapon)
Armour
 d - a +0 ring mail (worn)
Jewellery
 h - an amulet of regeneration (around neck)
Wands
 c - a wand of digging (5)
Scrolls
 b - 3 scrolls of teleportation
Potions
 e - a potion of might {unknown}
 f - a potion of ambrosia {unknown}
 g - a potion of mutation
 i - a potion of cancellation {unknown}
 j - a potion of lignification {unknown}

Dungeon Overview and Level Annotations

Branches:
Dungeon (3/15)

Altars:

Shops:
D:1 [*:=


Message History

You are more poisoned.
You feel very sick.
There is a stone staircase leading up here.
1415 ||| STAIRDANCE You feel very sick.
Something hits you but does no damage.
You climb upwards.
Reactivating autopickup.
You feel very sick.
There is a stone staircase leading down here.
Enter note:
Enter note:
Enter note:
Enter note:
Enter note:
Enter note:
Enter note:
Enter note:
Enter note:
Enter note:
Enter note:
Enter note: You start resting.
You feel sick. Something hits you.
Deactivating autopickup; reactivate with Ctrl-A.
Autopickup is now on.
You start resting.
You feel sick. Something hits you but does no damage.
Deactivating autopickup; reactivate with Ctrl-A.
Autopickup is now on.
You start resting.
You feel sick. Something hits you.
Deactivating autopickup; reactivate with Ctrl-A.
You shoot a sling bullet.
You feel sick. Something hits you.
You shoot a sling bullet.
You feel sick.
You hear some strange, mumbled words.
A puff of flame appears from out of thin air!
The puff of flame hits you.
You die...

.........# ####.### #.##....####.
##.#.#.### #......# #.###.#.# #.
##.###.# #.##.#.# #.......# #.
##.###.# #.##.#.# #####.### #.
.......# #.#..#.# ##+## #.
##.##### #......# ##.).## #. ##.#
###.#### ##.....## ## #..# #..##
##.......##
...###########..@####.........###
.................{..'.).......'..
...###########...####.........###
#...# ###..## ##.......## ###.#
#...## ##.....## #.# #.#.#
##...## #.# #...# ##+## #.# ##.##
#.### #.# #.# ###...##


There were no monsters in sight!

Vanquished Creatures
  A gnoll (D:1)
  An adder (D:2)
  A dart slug (D:1)
  5 orcs (D:3)
  2 endoplasms (D:1)
  3 giant cockroaches (D:1)
  3 goblins
  3 hobgoblins
  4 kobolds
  2 quokkas (D:2)
  5 ball pythons
  4 bats
  A frilled lizard (D:1)
  A rat (D:3)
36 creatures vanquished.

Notes
Turn   | Place    | Note
-------+----------+-------------------------------------------
     0 | D:1      | qw the Minotaur Hexslinger began the quest for the Orb.
     0 | D:1      | Reached XP level 1. HP: 16/16 MP: 1/1
     0 | D:1      | 0 ||| qw: Version: 0.3-a-52-g30416fa
     0 | D:1      | 0 ||| qw: Game counter: 4879
     0 | D:1      | 0 ||| qw: Melee chars always use a shield: true
     0 | D:1      | 0 ||| qw: God list: Okawaru
     0 | D:1      | 0 ||| qw: Allow faded altars: false
     0 | D:1      | 0 ||| qw: Do Orc after clearing Dungeon:15 true
     0 | D:1      | 0 ||| qw: Do second Lair branch before Depths: true
     0 | D:1      | 0 ||| qw: Lair rune preference: random
     0 | D:1      | 0 ||| qw: Goals: Normal
     0 | D:1      | 0 ||| PLANNING D:1-11
    51 | D:1      | Found Eddymeu's General Store.
    57 | D:1      | 57 ||| SHOPLISTING +2 robe of resistance (452 gold, have
                  | 10).
    57 | D:1      | 57 ||| SHOPLISTING potion of heal wounds (60 gold, have
                  | 10).
    57 | D:1      | 57 ||| SHOPLISTING scroll of teleportation (36 gold, have
                  | 10).
    59 | D:1      | Found Ciuxus's Armour Shoppe.
    72 | D:1      | 72 ||| SHOPLISTING +0 leather armour (22 gold, have 10).
    72 | D:1      | 72 ||| SHOPLISTING +0 pair of gloves (49 gold, have 10).
    72 | D:1      | 72 ||| SHOPLISTING +0 ring mail (44 gold, have 10).
   109 | D:1      | Reached skill level 3 in Ranged Weapons
   114 | D:1      | Reached XP level 2. HP: 24/24 MP: 2/2
   223 | D:1      | Reached XP level 3. HP: 29/29 MP: 3/3
   230 | D:1      | Found Gots's Jewellery Shop.
   244 | D:1      | 244 ||| SHOPLISTING +4 ring of protection (468 gold, have
                  | 29).
   244 | D:1      | 244 ||| SHOPLISTING +5 ring of evasion (468 gold, have 29).
   244 | D:1      | 244 ||| SHOPLISTING amulet of regeneration (390 gold, have
                  | 29).
   244 | D:1      | 244 ||| SHOPLISTING ring of fire (325 gold, have 29).
   244 | D:1      | 244 ||| SHOPLISTING ring of poison resistance (260 gold,
                  | have 29).
   244 | D:1      | 244 ||| SHOPLISTING ring of positive energy (260 gold, have
                  | 29).
   257 | D:1      | Found Fafoixec's Book Boutique.
   434 | D:1      | 434 ||| UPGRADING to +0 ring mail.
   444 | D:1      | 444 ||| DROPPING +0 robe.
   445 | D:1      | 445 ||| READING scroll labelled FEOFAH ARALUWN.
   450 | D:1      | 450 ||| READING scroll labelled TOENLE HARY.
   451 | D:1      | 451 ||| READING scroll labelled BEIMUM JIATZY.
   452 | D:1      | 452 ||| DROPPING scroll of poison.
   890 | D:2      | Reached skill level 4 in Ranged Weapons
  1326 | D:2      | 1326 ||| UPGRADING to amulet of regeneration.
  1331 | D:2      | 1331 ||| READING scroll labelled JOASIEBY LUFI.
  1332 | D:2      | 1332 ||| READING scroll labelled JIAT SIAVON.
  1333 | D:2      | 1333 ||| READING scroll labelled JIAR ABUCSI.
  1334 | D:2      | 1334 ||| DRINKING 2 inky potions.
  1334 | D:2      | Gained mutation: Your system is resistant to poisons.
                  | (rPois) [potion of mutation]
  1334 | D:2      | Gained mutation: Your spells are a little easier to cast,
                  | but a little less powerful. [potion of mutation]
  1394 | D:3      | Reached skill level 1 in Armour
  1408 | D:3      | 1408 ||| FLEEEEING.
  1409 | D:3      | 1409 ||| FLEEEEING.
  1410 | D:3      | 1410 ||| FLEEEEING.
  1411 | D:3      | 1411 ||| FLEEEEING.
  1412 | D:3      | 1412 ||| FLEEEEING.
  1413 | D:3      | 1413 ||| FLEEEEING.
  1414 | D:3      | 1414 ||| FLEEEEING.
  1415 | D:3      | 1415 ||| STAIRDANCE
  1416 | D:2      | HP: 7/29 [poisoned by an orc wizard]
  1420 | D:2      | HP: 3/29 [poisoned by an orc wizard]
  1421 | D:2      | Killed from afar by an orc wizard

Levels and vault maps discovered:
D:1:      dpeg_arrival_water_fire, layout_rooms, serial_shops, shop, shop, shop,
          nicolae_diamond_shop
D:2:      layout_loops_corners
D:3:      layout_rooms, uniq_crazy_yiuf_cottage, uniq_terence

Skill      XL: |  1  2  3 |
---------------+----------+-----
Ranged Weapons | 3 4 |  4.1
Fighting       | 2 |  2.1
Armour         | 1 |  1.0
Dodging        | |  2.1
Spellcasting   | |  1.0
Hexes          | |  2.0

Action                     || total
---------------------------++-------
   Fire: Sling             ||   107
    Use: Scroll            ||     6
         Potion            ||     1
 Armour: Robe              ||     1
         Ring mail         ||    16
  Dodge: Dodged            ||    26

Table legend:
 A = Non-vault XP
 B = Vault XP
 C = Vault XP percentage of total XP
 D = Non-vault monster count
 E = Vault monster count
 F = Vault count percentage of total count
                 A         B        C        D         E       F
            +---------+---------+-------+---------+---------+-------
      Total |      91 |       0 |   0.0 |      36 |       0 |   0.0
            +---------+---------+-------+---------+---------+-------
        D:1 |      45 |       0 |   0.0 |      19 |       0 |   0.0
        D:2 |      30 |       0 |   0.0 |      11 |       0 |   0.0
        D:3 |      16 |       0 |   0.0 |       6 |       0 |   0.0
            +---------+---------+-------+---------+---------+-------
